 Dungeon Crawl Stone Soup version 0.27-a0-1188-g73eefd5def (webtiles) character file.

Game seed: 15720796821605614431

8885 bande the Cleaver (level 11, -3/67 HPs)
             Began as a Gargoyle Fighter on May 20, 2021.
             Was a High Priest of Okawaru.
             Slain by a komodo dragon (4 damage)
             ... on level 1 of the Lair of Beasts on May 21, 2021.
             The game lasted 00:24:48 (8489 turns).

bande the Cleaver (Gargoyle Fighter)                Turns: 8489, Time: 00:24:49

Health: -3/67      AC: 23    Str: 20    XL:     11   Next: 37%
Magic:  0/18       EV:  6    Int:  9    God:    Okawaru [*****.]
Gold:   286        SH: 11    Dex: 10    Spells: 18/20 levels left

rFire    + . .     SeeInvis .   p - +2 long sword (flame)
rCold    . . .     Faith    .   c - +1 kite shield
rNeg     + . .     Spirit   +   D - +1 chain mail {rF+}
rPois    ∞         Reflect  .   (no helmet)
rElec    +         Harm     .   n - +0 cloak
rCorr    .         Rampage  +   l - +0 pair of gloves
Will     +....                  w - +0 pair of boots "Jietevuf" {Rampage}
Stlth    ..........             e - amulet of guardian spirit
HPRegen  1.21/turn              o - +4 ring of slaying
MPRegen  0.16/turn              v - ring of willpower

@: no status effects
A: sickness immunity, AC +8, negative energy resistance 1, electricity
resistance, torment resistance 1, petrification resistance, sense surroundings
1, regeneration 1, weak 1
a: Renounce Religion, Heroism, Finesse


You were on level 1 of the Lair of Beasts.
You worshipped Okawaru.
Okawaru was extremely pleased with you.
You visited 3 branches of the dungeon, and saw 10 of its levels.
You also visited: Sewer.

You collected 484 gold pieces.
You spent 198 gold pieces at shops.

Inventory:

Hand Weapons
 a - a +0 war axe
 p - a +2 long sword of flaming (weapon)
 r - the +2 war axe of Action {vorpal, Str+4}
   (You found it on level 8 of the Dungeon)

   It inflicts extra damage upon your enemies.
   It affects your strength (+4).
 u - a +3 hand axe
 C - a +3 mace of freezing
Missiles
 B - 2 throwing nets (quivered)
Armour
 c - a +1 kite shield (worn)
 i - a +0 pair of boots
 l - a +0 pair of gloves (worn)
 n - a +0 cloak (worn)
 w - the +0 pair of boots "Jietevuf" (worn) {Rampage}
   (Okawaru gifted it to you on level 1 of the Lair of Beasts)

   It bestows one free step when moving towards enemies.
 D - a +1 chain mail of fire resistance (worn)
Jewellery
 e - an amulet of guardian spirit (around neck)
 f - an amulet of reflection
 g - an amulet of magic regeneration
 o - a +4 ring of slaying (left hand)
 t - an amulet of regeneration
 v - a ring of willpower (right hand)
 z - an amulet of the acrobat
Wands
 d - a wand of flame (28)
 m - a wand of mindburst (18)
 s - a wand of iceblast (11)
Scrolls
 h - a scroll of fear
 j - 3 scrolls of teleportation
 x - a scroll of fog
 y - 5 scrolls of identify
Potions
 b - 6 potions of might
 k - 2 potions of mutation
 q - 2 potions of ambrosia
 A - a potion of heal wounds


   Skills:
 + Level 7.1 Fighting
 + Level 9.0 Axes
 * Level 7.9 Armour
 - Level 1.3 Dodging
 + Level 7.6 Shields
 * Level 5.2 Spellcasting
 * Level 5.2 Invocations
 * Level 5.3 Evocations


You had 18 spell levels left.
You knew the following spells:

 Your Spells              Type           Power      Damage    Failure   Level
a - Blink                 Tloc           N/A        N/A       100%        2

Your spell library contained the following spells:

 Spells                   Type           Power      Damage    Failure   Level
 Foxfire                  Conj/Fire      8%         2x1d4     99%         1
 Magic Dart               Conj           8%         1d3       99%         1
 Call Imp                 Summ           2%         N/A       100%        2
 Slow                     Hex            2%         N/A       100%        2
 Conjure Flame            Conj/Fire      2%         6-21      100%        3
 Inner Flame              Hex/Fire       2%         N/A       100%        3
 Mephitic Cloud           Conj/Pois/Air  2%         N/A       100%        3
 Sticky Flame             Conj/Fire      2%         2d3       100%        4
 Bolt of Magma            Conj/Fire/Erth 1%         4d4       100%        5
 Fireball                 Conj/Fire      1%         3d3       100%        5
 Iskenderun's Battlesphe  Conj           2%         2d6       100%        5
 Iron Shot                Conj/Erth      1%         9d1       100%        6
 Orb of Destruction       Conj           1%         N/A       100%        7
 Spellforged Servitor     Conj/Summ      1%         N/A       100%        7


Dungeon Overview and Level Annotations

Branches:
Dungeon (8/15)             Temple (1/1) D:4            Lair (1/6) D:8
  Sewer (visited)

Altars:
Cheibriados
Dithmenos
Elyvilon
Fedhas
Gozag
Hepliaklqana
Kikubaaqudgha
Makhleb
Nemelex Xobeh
Okawaru
Qazlal
Ru
Sif Muna
Trog
Uskayaw
Vehumet
Xom
Yredelemnul
Zin
The Shining One

Shops:
D:2 (   D:6 [   D:7 !

Annotations:
D:8 2 runed translucent doors


Innate Abilities, Weirdness & Mutations

You are immune to sickness and miasma.
Your stone body is resilient. (AC +8)
You are immune to poison.
You resist negative energy. (rN+)
You are resistant to electric shocks. (rElec)
You are resistant to unholy torment.
You are immune to petrification.
You passively map a small area around you.
Your natural rate of healing is unusually fast.
You are weak. (Str -2)


Message History

You hit the komodo dragon but do no damage.
The komodo dragon is severely wounded.
You block the komodo dragon's attack. The komodo dragon bites you!
The water moccasin bites you but does no damage.
Unknown command.
You barely miss the komodo dragon.
The komodo dragon is severely wounded.
The water moccasin bites you. You block the komodo dragon's attack.
The water moccasin bites you but does no damage.
The komodo dragon bites you!!
You barely miss the komodo dragon.
The komodo dragon is severely wounded.
The water moccasin bites you but does no damage.
The komodo dragon bites you but does no damage.
You block the water moccasin's attack.
You completely miss the komodo dragon.
The komodo dragon is severely wounded.
The water moccasin bites you but does no damage.
The komodo dragon bites you! The water moccasin barely misses you.
You block the komodo dragon's attack.
Unknown command.
You hit the komodo dragon but do no damage.
The komodo dragon is severely wounded.
You block the water moccasin's attack. The water moccasin barely misses you.
You riposte.
You miss the water moccasin. The komodo dragon bites you!
You hit the komodo dragon. You burn the komodo dragon.
The komodo dragon is almost dead.
The water moccasin barely misses you.
You riposte.
You hit the water moccasin. You burn the water moccasin.
The water moccasin is lightly wounded.
The komodo dragon bites you!
* * * LOW HITPOINT WARNING * * *
You block the water moccasin's attack. The komodo dragon bites you!
* * * LOW HITPOINT WARNING * * *
You hit the komodo dragon. You burn the komodo dragon.
The komodo dragon is almost dead.
The water moccasin bites you.
* * * LOW HITPOINT WARNING * * *
You block the water moccasin's attack. The komodo dragon bites you.
You die...

* * ** #># #..###.#
*, * #.# #..P#..## *
### ###.# ##.###...
#.###P.#. #.# #.#
#### .....?..#
#.######.# , #..#
#††......# ##
##.###.##.##..#####.
,
#..................
*
#.@###.##...##.###.
#Sl# ######## ## #>
#... * #. ##..# * ,*
##. P.## * #.. * *
*P.# ,* ##. ,, ..# *
#.. * *.###* ##. * *
, * #.


You could see a komodo dragon and a water moccasin.

Vanquished Creatures
  A hydra (Lair:1)
  Harold (D:8)
  An elephant (D:7)
  Joseph (D:7)
  A black mamba (Lair:1)
  2 cane toads (Lair:1)
  Maggie (D:7)
  Sigmund (D:3)
  A shadow (D:6)
  A wyvern (D:8)
  3 basilisks
  4 yaks (Lair:1)
  2 steam dragons (D:8)
  5 water moccasins
  Duvessa (D:7)
  2 orc warriors
  An ice beast (D:8)
  2 sky beasts (D:8)
  2 black bears
  3 ogres
  4 wolves (Lair:1)
  A centaur (D:5)
  2 bullfrogs
  4 scorpions
  A wyvern zombie (D:7)
  A water moccasin zombie (D:6)
  Dowan (D:7)
  10 wights
  A centaur zombie (D:7)
  2 jellies
  7 orc priests
  Crazy Yiuf (D:7)
  A centaur skeleton (D:6)
  A gnoll shaman (D:6)
  11 orc wizards
  An iguana (D:6)
  Natasha (thrice) (D:3)
  2 howler monkey zombies
  7 gnolls
  9 adders
  2 river rats (D:6)
  A shadow imp (D:8)
  An ufetubus (D:5)
  A worm (D:6)
  27 orcs
  9 ball pythons
  3 endoplasms
  4 giant cockroaches
  5 hobgoblins
  14 jackals
  A quokka (D:4)
  3 bats
  7 frilled lizards
  3 goblins
  9 kobolds
  5 rats
201 creatures vanquished.

Vanquished Creatures (others)
  A sky beast (D:8)
  4 fungi (Lair:1)
  6 plants
11 creatures vanquished.

Grand Total: 212 creatures vanquished

Notes
Turn   | Place    | Note
-------+----------+-------------------------------------------
     0 | D:1      | bande the Gargoyle Fighter began the quest for the Orb.
     0 | D:1      | Reached XP level 1. HP: 14/14 MP: 1/1
   157 | D:1      | Reached XP level 2. HP: 19/19 MP: 2/2
   715 | D:2      | Reached skill level 2 in Axes
   869 | D:2      | Found a glowing silver altar of Zin.
   889 | D:2      | Reached XP level 3. HP: 23/23 MP: 3/3
   893 | D:2      | Found Optois's Weapon Shop.
  1466 | D:3      | Found a sacrificial altar of Ru.
  1537 | D:3      | Found an iron altar of Okawaru.
  1539 | D:3      | Gained mutation: You are weak. (Str -2) [potion of
                  | mutation]
  1539 | D:3      | Gained mutation: Your natural rate of healing is unusually
                  | fast. [potion of mutation]
  1539 | D:3      | Gained mutation: You passively map a small area around you.
                  | [potion of mutation]
  1544 | D:3      | Found a sparkling altar of Nemelex Xobeh.
  1566 | D:3      | Reached XP level 4. HP: 29/29 MP: 4/4
  1670 | D:3      | Found a stormy altar of Qazlal.
  1676 | D:3      | Noticed Natasha
  1690 | D:3      | Killed Natasha
  1733 | D:3      | Noticed Sigmund
  1763 | D:3      | HP: 1/29 [something/magic dart (1)]
  1777 | D:3      | Killed Sigmund
  1778 | D:3      | Reached skill level 3 in Axes
  1778 | D:3      | Reached skill level 1 in Dodging
  1778 | D:3      | Reached XP level 5. HP: 15/34 MP: 5/5
  1778 | D:3      | Reached XP level 6. HP: 17/39 MP: 6/6
  1842 | D:3      | You fall into a shaft and drop 2 floors!
  1842 | D:5      | Entered Level 5 of the Dungeon
  1952 | D:3      | Noticed Natasha
  1961 | D:3      | Killed Natasha
  1962 | D:3      | Reached skill level 4 in Axes
  2000 | D:3      | Found a burning altar of Makhleb.
  2025 | D:2      | Reached XP level 7. HP: 38/44 MP: 7/7
  2201 | D:2      | Reached skill level 5 in Armour
  2637 | D:4      | Found a staircase to the Ecumenical Temple.
  2648 | Temple   | Entered the Ecumenical Temple
  3015 | D:3      | Noticed Natasha
  3027 | D:3      | Became a worshipper of Warmaster Okawaru
  3070 | D:3      | Killed Natasha
  3419 | D:5      | Reached skill level 1 in Spellcasting
  3419 | D:5      | Reached skill level 1 in Evocations
  3442 | D:5      | You fall into a shaft and drop 1 floor!
  3461 | D:6      | Reached * piety under Okawaru
  3462 | D:6      | Reached skill level 5 in Shields
  3475 | D:6      | Reached XP level 8. HP: 35/48 MP: 6/9
  3511 | D:6      | Found a glowing drain.
  3537 | D:6      | Reached skill level 5 in Fighting
  3537 | D:6      | Reached skill level 5 in Axes
  3538 | Sewer    | Entered a sewer
  4139 | D:6      | Noticed a shadow
  5038 | D:6      | Found Repyot's Antique Armour Boutique.
  5122 | D:6      | Reached skill level 6 in Axes
  5127 | D:6      | Reached XP level 9. HP: 52/54 MP: 10/13
  5208 | D:6      | Reached ** piety under Okawaru
  5332 | D:7      | Found Ifeitev's Distillery.
  5338 | D:7      | Bought a potion of degeneration for 11 gold pieces
  5345 | D:7      | Bought a potion of might for 44 gold pieces
  5345 | D:7      | Bought 2 potions of might for 88 gold pieces
  5345 | D:7      | Bought a potion of heal wounds for 55 gold pieces
  5429 | D:7      | Reached skill level 1 in Invocations
  5467 | D:7      | Noticed Maggie
  5494 | D:7      | Killed Maggie
  5571 | D:7      | Noticed Duvessa
  5571 | D:7      | Noticed Dowan
  5621 | D:7      | Killed Duvessa
  5621 | D:7      | Killed Dowan
  5687 | D:7      | Reached *** piety under Okawaru
  5847 | D:7      | Found a runed translucent door.
  5848 | D:7      | Noticed Crazy Yiuf
  5894 | D:7      | Reached skill level 7 in Axes
  5966 | D:7      | Noticed Joseph
  5985 | D:7      | Killed Joseph
  6538 | D:7      | Killed Crazy Yiuf
  6755 | D:8      | Reached XP level 10. HP: 60/60 MP: 15/15
  6787 | D:8      | Found a staircase to the Lair.
  6787 | D:8      | Noticed an elephant
  6861 | D:7      | Killed an elephant
  7144 | D:8      | Found a large runed translucent door.
  7144 | D:8      | Found a large runed translucent door.
  7162 | D:8      | Noticed Harold
  7193 | D:8      | Killed Harold
  7193 | D:8      | Reached **** piety under Okawaru
  7281 | D:8      | Reached skill level 8 in Axes
  7501 | D:8      | Identified the +2 war axe of Action {vorpal, Str+4}
  7817 | D:8      | Learned a level 2 spell: Blink
  8010 | Lair:1   | Entered Level 1 of the Lair of Beasts
  8031 | Lair:1   | Reached ***** piety under Okawaru
  8054 | Lair:1   | Reached XP level 11. HP: 65/66 MP: 15/18
  8088 | Lair:1   | Reached skill level 5 in Evocations
  8250 | Lair:1   | Received a gift from Okawaru
  8255 | Lair:1   | Reached skill level 5 in Spellcasting
  8427 | Lair:1   | Reached skill level 5 in Invocations
  8451 | Lair:1   | Noticed a five-headed hydra
  8464 | Lair:1   | Killed a one-headed hydra
  8464 | Lair:1   | Identified the +0 pair of boots "Jietevuf" {Rampage}
                  | (Okawaru gifted it to you on level 1 of the Lair of Beasts)
  8464 | Lair:1   | Received a gift from Okawaru
  8465 | Lair:1   | Reached skill level 9 in Axes
  8488 | Lair:1   | HP: 3/67 [komodo dragon (7)]
  8489 | Lair:1   | HP: 1/67 [water moccasin (4)]
  8489 | Lair:1   | Slain by a komodo dragon

Illustrated notes

Levels and vault maps discovered:
D:1:      dpeg_arrival_rooms_a, layout_loops_ring
D:2:      layout_loops_ring, basic_altar, serial_shops, shop,
          minmay_misc_feat_pillars
D:3:      cheibrodos_pilgrimage, layout_rooms, general_overflow_altar,
          nicolae_overflow_hidden_temple, uniq_sigmund, uniq_natasha
D:4:      layout_rooms, temple_pool_b, amcnicky_mini_pool_small
D:5:      layout_basic
D:6:      layout_cave_pools, portal_sewer_entry_a, serial_shops,
          kennysheep_mini_moat, minivault_27, chequers_arboretum,
          kennysheep_generic_room_6
D:7:      layout_cave_pods, serial_shops, nicolae_shop_stone,
          uniq_crazy_yiuf_cottage, uniq_duvessa, uniq_maggie, uniq_joseph
D:8:      layout_basic, jmf_multi_god_temple2, david_lair_generic,
          hangedman_decor_opposing, hangedman_misty_isle, uniq_harold
Temple:   regret_index_temple_waves
Lair:1:   layout_loops_ring

Skill      XL: |  1  2  3  4  5  6  7  8  9 10 11 |
---------------+----------------------------------+-----
Axes           | 2 3 4 6 7 8 9 |  9.0
Fighting       | 4 5 6 7 |  7.1
Armour         | 4 5 6 7 |  7.9
Dodging        | 1 |  1.3
Shields        | 4 5 6 7 |  7.6
Spellcasting   | 1 2 3 4 5 |  5.2
Evocations     | 1 2 4 5 |  5.3
Invocations    | 2 4 5 |  5.2

Action                   |  1- 3 |  4- 6 |  7- 9 | 10-12 || total
-------------------------+-------+-------+-------+-------++-------
Melee: War axe           |    66 |   101 |   330 |   112 ||   609
       Hand axe          |       |       |    48 |    85 ||   133
       Long sword        |       |       |       |    19 ||    19
Invok: Heroism           |       |       |     1 |       ||     1
  Use: Scroll            |     2 |       |     5 |     1 ||     8
       Potion            |     1 |     3 |    12 |       ||    16
Armor: Scale mail        |    41 |    31 |       |       ||    72
       Chain mail        |       |    27 |   282 |    64 ||   373
       Steam dragon scal |       |       |    25 |    54 ||    79
Dodge: Dodged            |    28 |    27 |   104 |    67 ||   226
Block: Kite shield       |    47 |    57 |   244 |   159 ||   507
       Rpst.: Long sword |       |       |       |     3 ||     3

Table legend: (Time is in decaauts)
 A = Elapsed time spent in this place.
 B = Non-inter-level travel time spent in this place.
 C = Inter-level travel time spent in this place.
 D = Time resting spent in this place.
 E = Time spent auto-exploring this place.
 F = Levels seen in this place.
 G = Mean time per level.
                   A        B        C        D        E       F      G
               +--------+--------+--------+--------+--------+-----+--------+
         Total |   8947 |   8925 |     22 |    848 |   5278 |  11 |  813.4 |
       Dungeon |   7571 |   7549 |     22 |    713 |   4392 |   8 |  946.4 |
        Temple |    148 |    148 |      0 |      0 |     92 |   1 |  148.0 |
          Lair |    503 |    503 |      0 |    135 |    213 |   1 |  503.0 |
         Sewer |    724 |    724 |      0 |      0 |    581 |   1 |  724.0 |
               +--------+--------+--------+--------+--------+-----+--------+

Top non-repeatable levels by time:
     D:7: 1478 daAuts
     D:8: 1250 daAuts
     D:5: 1000 daAuts
     D:2: 938 daAuts
     D:3: 876 daAuts
     D:6: 780 daAuts
   Sewer: 724 daAuts
     D:1: 716 daAuts
     D:4: 529 daAuts
  Lair:1: 503 daAuts
  Temple: 148 daAuts
